[Event "*** SCC Grand Prix: Titled Tuesday Blitz"]
[Site "Chess.com"]
[Date "2020.10.06"]
[Round "3"]
[White "elamier"]
[Black "maximnovik"]
[Result "1/2-1/2"]
[WhiteElo "2344"]
[BlackElo "2531"]
[TimeControl "180+1"]
[EndTime "10:29:12 PDT"]
[Termination "Game drawn by repetition"]

1. d4 Nf6 2. Bg5 d5 3. Bxf6 exf6 4. e3 c6 5. c4 dxc4 6. Bxc4 Bd6 7. Nc3 O-O 8. Qf3 f5 9. Bb3 g6 10. h4 h5 11. Nh3 Nd7 12. Nf4 Nf6 13. Nxg6 Re8 14. Nf4 Qe7 15. Nxh5 f4 16. O-O-O Nxh5 17. Qxh5 fxe3 18.
Qg6+ Kf8 19. Qh6+ Kg8 20. Rhe1 Qf8 21. Qg6+ Kh8 22. Qh5+ Kg8 23. fxe3 Qg7 24. Rf1 Re7 25. Ne4 Bg4 26. Nf6+ Qxf6 27. Qxg4+ Qg7 28. Qf5 Rf8 29. Rde1 Qh7 30. g4 Qxf5 31. gxf5 Rfe8 32. Rf3 Re4 33.
Bc2 Rxh4 34. e4 f6 35. Rg1+ Kf8 36. Rg6 Bf4+ 37. Kd1 Bg5 38. e5 Rxd4+ 39. Rd3 Rxd3+ 40. Bxd3 Rxe5 41. Kc2 b5 42. b3 a6 43. a4 Kf7 44. axb5 axb5 45. Kd1 Rd5 46. Ke2 Re5+ 47. Kd1 Re3 48. Be2 Rxb3 49. Bh5 Ke7 50. Rg7+ Kd6 51.
Be8 Rc3 52. Rd7+ Ke5 53. Rc7 Kd6 54. Rd7+ Kc5 55. Rc7 Kb6 56. Rc8 b4 57. Rb8+ Kc5 58.
Rc8 Kb6 59. Rb8+ Ka5 60. Ra8+ Kb5 61. Rb8+ Kc5 62. Rc8 Kd6 63. Rb8 b3 64. Bf7 Rc1+ 65.
Ke2 Rc2+ 66. Kd3 Rd2+ 67. Kc3 b2 68. Rxb2 Rxb2 69. Kxb2 Ke5 70. Be6 Kd4 71. Kc2 c5 72. Bc8 c4 73. Be6 c3 74. Bc8 Bd2 75. Be6 Ke5 76.
Bc8 Kd6 77. Be6 Kc7 78. Kd1 Kd6 79. Kc2 Kc5 80. Kd1 Kd4 81. Kc2 Kc5 82. Bc8 Kd4 83.
Be6 1/2-1/2

[Event "*** SCC Grand Prix: Titled Tuesday Blitz"]
[Site "Chess.com"]
[Date "2020.10.06"]
[Round "3"]
[White "googlegoom"]
[Black "MFBerna"]
[Result "1/2-1/2"]
[WhiteElo "2416"]
[BlackElo "2291"]
[TimeControl "180+1"]
[EndTime "10:29:13 PDT"]
[Termination "Game drawn - insufficient material"]

1. Nf3 c5 2. b3 Nf6 3. Bb2 e6 4. e3 Be7 5. Be2 Nc6 6. O-O O-O 7. d4 b6 8. Nbd2 Bb7 9. c4 d5 10. Rc1 Rc8 11. dxc5 Bxc5 12. Qc2 Qe7 13. Qb1 Rfd8 14.
Rfd1 d4 15. exd4 Nxd4 16. Nxd4 Bxd4 17. Bxd4 Rxd4 18. Bf3 Rcd8 19. Bxb7 Qxb7 20. Nf3 R4d6 21. Rxd6 Rxd6 22. Rd1 Qd7 23. Rxd6 Qxd6 24. h3 Nd7 25.
Qc2 g6 26. Qd2 Qxd2 27. Nxd2 Kf8 28. Kf1 Ke7 29. Ke2 f5 30. Kd3 Kd6 31. b4 e5 32.
Nb3 Nf6 33. c5+ Kd5 34. cxb6 axb6 35. a4 e4+ 36. Kc3 f4 37. a5 bxa5 38. bxa5 Nd7 39. a6 g5 40. a7 Nb6 41. Na5 h5 42. Nc4 Na8 43. Kb4 Kc6 44. Ka5 g4 45. hxg4 hxg4 46.
Ne5+ Kb7 47. Nxg4 Kxa7 48. Ne5 Kb7 49. Kb5 Kc7 50. Kc5 e3 51. f3 Nb6 52. Kd4 Kd6 53. Nd3 Nd5 54. Ke4 e2 55. Ne1 Ke6 56. Kd3 Kf5 57. Kxe2 Nf6 58. Kd3 Nh5 59. Kd4 Ng3 60. Kd3 Nf1 61. Nc2 Ng3 62. Nd4+ Ke5 63. Nc6+ Kf5 64. Ne7+ Ke5 65. Nc6+ Kf5 66. Kd2 Nf1+ 67. Ke2 Ne3 68. g4+ Nxg4 69. Nd4+ Kg5 70. Ne6+ Kf5 71. Ng7+ Kg5 72. Ne6+ Kf5 73. Nd4+ Kg5 74. Kd3 Nh2 75. Ke4 Nxf3 76. Nxf3+ Kf6 77. Kxf4 1/2-1/2

[Event "*** SCC Grand Prix: Titled Tuesday Blitz"]
[Site "Chess.com"]
[Date "2020.10.06"]
[Round "3"]
[White "saraswathii"]
[Black "besarquis"]
[Result "1-0"]
[WhiteElo "2375"]
[BlackElo "2150"]
[TimeControl "180+1"]
[EndTime "10:29:13 PDT"]
[Termination "saraswathii won on time"]

1. e4 e5 2. d3 Nf6 3. Nf3 Nc6 4.
g3 Bc5 5. Bg2 d6 6. O-O Bg4 7. c3 Bb6 8. Nbd2 a6 9. h3 Bh5 10. Nc4 Ba7 11. Be3 h6 12. Bxa7 Rxa7 13. Ne3 Ne7 14. g4 Bg6 15. Nf5 Nxf5 16. exf5 Bh7 17.
Re1 O-O 18. Nd2 c6 19. Nc4 Re8 20. Qd2 b5 21. Na3 d5 22. Re3 Rae7 23. Rae1 Nd7 24. Nc2 Nc5 25. Qe2 Na4 26. Nb4 Qd6 27. Qc2 Nb6 28. Qe2 a5 29. Nc2 Na4 30. Na3 Qf6 31.
Qc2 Nc5 32. b4 axb4 33. cxb4 Nb7 34. Qb2 h5 35. Nc2 hxg4 36. hxg4 Nd6 37. Rg3 Qg5 38.
Ne3 f6 39. Qc2 Rc8 40. Nf1 g6 41. Qc5 Rd7 42. fxg6 Bxg6 43. Nh2 Bf7 44. Nf3 Qg7 45. g5 f5 46. Nxe5 Nb7 47. Qb6 f4 48. Nxd7 fxg3 49.
Qxb7 gxf2+ 50. Kxf2 Qd4+ 51. Kf1 Qxd3+ 52. Kg1 Qd4+ 53. Kf1 Qf4+ 54. Kg1 Qd4+ 55. Kf1 Qf4+ 56. Ke2 Qc4+ 57. Kd1 Qd3+ 58. Kc1 Qc3+ 59. Kd1 Qd3+ 60. Kc1 Qc3+ 61. Kd1 Bh5+ 62. Re2 Qd3+ 63. Kc1 Qc3+ 64. Rc2 Qa1+ 65. Kd2 Qd1+ 66. Kc3 d4+ 67. Kb2 d3 68.
Qxc8+ Kh7 69. Nf6+ Kg6 70. Be4+ Kxg5 71. Qf5+ Kh4 72.
Qxh5+ Kg3 73. Qxd1 dxc2 74. Qxc2 1-0

[Event "*** SCC Grand Prix: Titled Tuesday Blitz"]
[Site "Chess.com"]
[Date "2020.10.06"]
[Round "3"]
[White "WIDBIFS"]
[Black "Sibelephant"]
[Result "1/2-1/2"]
[WhiteElo "2744"]
[BlackElo "3097"]
[TimeControl "180+1"]
[EndTime "10:29:15 PDT"]
[Termination "Game drawn - insufficient material"]

1. d4 d5 2. Nf3 Nc6 3. Bf4 Bg4 4. Nbd2 e6 5. e3 Bd6 6. Bg3 Nf6 7. c3 O-O 8. Be2 Ne7 9. Ne5 Bxe2 10. Qxe2 Nf5 11. Bf4 Nd7 12. Nxd7 Qxd7 13. Bxd6 cxd6 14. O-O Rfc8 15.
e4 Ne7 16. Rae1 b5 17. Qh5 dxe4 18. Nxe4 Nd5 19. Ng5 h6 20. Nf3 a5 21. Nd2 Qc6 22. Qf3 Rab8 23. Qg3 Nf6 24. h3 Qd5 25. Nb3 b4 26. cxb4 Rxb4 27. Rc1 Rxc1 28. Rxc1 a4 29. Qc3 Rb8 30. Qc7 Qb7 31. Qxb7 Rxb7 32. Na5 Rxb2 33.
Nc4 Rxa2 34. Nxd6 a3 35. Rc8+ Kh7 36. Nxf7 Ra1+ 37. Kh2 a2 38. Ra8 Ne4 39. h4 g6 40.
Ra7 Kg8 41. Nxh6+ Kf8 42. Ng4 Ke8 43. f3 Nc3 44. Nf6+ Kd8 45. Ne4 Rc1 46. Nxc3 a1=Q 47. Rxa1 Rxa1 48. Ne4 Ke7 49. Kg3 Rd1 50. Ng5 Rxd4 51.
Ne4 Ra4 52. Ng5 Ra2 53. Ne4 Kf7 54. Kh3 e5 55. Kg3 Ke6 56. Kh3 Rb2 57. Kg3 Kd5 58. Nf6+ Kd4 59. Ne4 Ke3 60. Kh3 Ke2 61. Ng5 Kf1 62.
g4 Kf2 63. h5 gxh5 64. gxh5 Rb1 65. Kg4 Rh1 66. Ne4+ Ke3 67. Ng3 Ra1 68. Nf5+ Kf2 69. h6 Ra4+ 70. Kg5 Kxf3 71. h7 Ra8 72. Kg6 Kf4 73.
Nd6 e4 74. Nxe4 Kxe4 75. Kg7 Kf5 76. h8=Q Rxh8 77. Kxh8 1/2-1/2

[Event "*** SCC Grand Prix: Titled Tuesday Blitz"]
[Site "Chess.com"]
[Date "2020.10.06"]
[Round "3"]
[White "Gerodot71"]
[Black "Alexandercs432"]
[Result "1/2-1/2"]
[WhiteElo "2477"]
[BlackElo "2153"]
[TimeControl "180+1"]
[EndTime "10:29:15 PDT"]
[Termination "Game drawn - insufficient material"]

1. d4 d5 2. c4 dxc4 3. e4 e5 4.
Nf3 exd4 5. Bxc4 Be6 6. Bxe6 fxe6 7. Nxd4 e5 8. Nc2 Qxd1+ 9. Kxd1 Nc6 10. f3 O-O-O+ 11.
Ke2 Bc5 12. Nc3 Nf6 13. Bg5 Nd4+ 14. Nxd4 Bxd4 15. Rac1 Kb8 16. Bxf6 gxf6 17. Nd5 f5 18. Rxc7 Rxd5 19. Rxb7+ Kxb7 20. exd5 f4 21. g3 Rd8 22.
gxf4 exf4 23. Kd3 Rxd5 24. Ke4 Rd7 25. Rd1 Re7+ 26. Kxf4 Bxb2 27. h4 a5 28. Kg4 a4 29.
f4 a3 30. f5 Re2 31. Rd3 Rg2+ 32. Kh5 Rf2 33. Kg5 Bc1+ 34. Kg4 Rxa2 35. Rc3 Bb2 36.
Rc2 Ra1 37. Kf3 Rf1+ 38. Ke4 Rh1 39. Kd5 Rxh4 40. Ke6 Rf4 41. Rh2 Re4+ 42. Kd7 Rd4+ 43. Ke6 Re4+ 44. Kd7 Rd4+ 45. Ke6 Ra4 46. Rxh7+ Kc6 47.
Rh2 Bc3 48. Rc2 Rc4 49. f6 Kb5 50. f7 Bg7 51. Rg2 Bf8 52. Rg8 Bb4 53. Rb8+ Ka4 54.
Rxb4+ Rxb4 55. f8=Q a2 56. Kf5 Kb3 57. Qf7+ Kb2 58.
Qg7+ Kb1 59. Qg1+ Kb2 60. Qf2+ Kb1 61. Qe1+ Kb2 62. Qxb4+ Kc2 63. Qa3 Kb1 64. Qb3+ Kc1 65. Qc3+ Kb1 66. Qb3+ Ka1 67. Qd1+ Kb2 68. Qd4+ Kb1 69. Ke4 a1=Q 70. Qb4+ Qb2 71. Qe1+ Qc1 72. Qa5 Qb2 73. Kd3 Qc2+ 74. Kd4 Qb2+ 75. Kc4 Qc2+ 76. Kd4 Qb2+ 77. Ke3 Qc2 78. Qb4+ Qb2 79. Qe4+ Qc2 80. Qb7+ Qb2 81. Qh1+ Qc1+ 82. Qxc1+ Kxc1 1/2-1/2

[Event "*** SCC Grand Prix: Titled Tuesday Blitz"]
[Site "Chess.com"]
[Date "2020.10.06"]
[Round "3"]
[White "arminmusovic"]
[Black "severomorskij"]
[Result "0-1"]
[WhiteElo "2524"]
[BlackElo "2758"]
[TimeControl "180+1"]
[EndTime "10:29:23 PDT"]
[Termination "severomorskij won by resignation"]

1. a3 e5 2. Nc3 d5 3. d4 e4 4. Bf4 f5 5. Nb5 Na6 6. c4 Nf6 7. e3 c6 8. Nc3 Bd6 9. Nh3 O-O 10.
Be2 Nc7 11. O-O Ne6 12. Be5 Kh8 13. cxd5 Nxd5 14. Nxd5 cxd5 15. Qb3 Bxe5 16. dxe5 d4 17. Bc4 Nc5 18. Qb4 b6 19. exd4 Qxd4 20. Ng5 h6 21. Nf7+ Rxf7 22. Bxf7 Qxe5 23. f4 Qf6 24.
Bd5 Rb8 25. Qc3 Qxc3 26. bxc3 Bd7 27. Rfd1 g6 28. Kf2 Kg7 29. Ke3 Kf6 30. Rd4 Rc8 31.
Rad1 Be8 32. c4 Nb3 33. g3 Nxd4 34. Kxd4 Rc5 35. Rb1 Ra5 36. Rb3 Bd7 37. Rc3 Be6 38. Rb3 g5 39. Rc3 gxf4 40. gxf4 Rc5 41. Bxe6 Kxe6 42.
Rh3 Ra5 43. Rxh6+ Kf7 44. Rh7+ Kg6 45. Rh3 Rc5 46. Rb3 Rc7 47. Rg3+ Kf6 48. Rh3 Rd7+ 49.
Kc3 Kg6 50. Rg3+ Kh5 51. a4 a5 52. Rg5+ Kh4 53. Rxf5 Kg4 54. Rf6 e3 55. Rxb6 e2 56.
Re6 Kf3 57. c5 Rd1 58. Kc4 e1=Q 59. Rxe1 Rxe1 60. f5 Ke4 61. f6 Rf1 62. c6 Rxf6 63.
Kc5 Ke5 64. c7 Rf8 65. Kc6 Ke6 66. h4 Rh8 67. h5 Rg8 68. h6 Rh8 69. h7 Rf8 70.
Kb6 Kd7 71. Kb7 Rh8 72. c8=Q+ Rxc8 73. Kb6 Rh8 74. Kxa5 Kc6 75. Kb4 Rxh7 76. a5 Rh4+ 77. Kb3 Kb5 78. a6 Rh3+ 79. Kc2 Kxa6 80. Kd2 Kb5 81.
Ke2 Kc4 82. Kf2 Rd3 83. Kg2 Kd4 84. Kf2 Ke4 85. Kg2 Rf3 86. Kh2 Kf4 87. Kg2 Kg4 88. Kh2 Rf2+ 89. Kh1 Kg3 90. Kg1 Rf3 0-1

[Event "*** SCC Grand Prix: Titled Tuesday Blitz"]
[Site "Chess.com"]
[Date "2020.10.06"]
[Round "3"]
[White "Carnivoras"]
[Black "MrTattaglia"]
[Result "0-1"]
[WhiteElo "2671"]
[BlackElo "2879"]
[TimeControl "180+1"]
[EndTime "10:29:26 PDT"]
[Termination "MrTattaglia won on time"]

1. d4 Nf6 2. c4 e6 3. g3 c6 4.
Bg2 d5 5. Nd2 b6 6. Ngf3 Be7 7.
O-O O-O 8. Qc2 Ba6 9. b3 Nbd7 10. Bb2 Rc8 11. e4 c5 12. exd5 exd5 13. Rfe1 Re8 14.
Rad1 Bf8 15. Qb1 Rxe1+ 16. Rxe1 dxc4 17. Nxc4 Bxc4 18. bxc4 cxd4 19. Nxd4 Rxc4 20. Nc6 Qc7 21. Ne7+ Bxe7 22. Rxe7 Qc5 23. Qe1 Rc2 24. Bxf6 Nxf6 25. Rxa7 g6 26. Bf1 Ne4 27. Qe3 Qxe3 28. fxe3 Nd6 29. Ra6 Rb2 30. a4 Nf5 31. e4 Ne3 32. Bb5 Rg2+ 33. Kh1 Rd2 34. Kg1 Rg2+ 35. Kh1 Ra2 36.
Kg1 Ng4 37. Rxb6 Nxh2 38. Rb8+ Kg7 39. Rb7 Nf3+ 40. Kf1 Ne5 41. Ra7 Kf6 42. a5 Kg5 43. Be2 Ra1+ 44. Kf2 Ra2 45. a6 f6 46. Rxh7 Ra3 47.
Rc7 Ra4 48. Rb7 Nc6 49. Rb6 Nd4 50. Rb2 Ra3 51. Rd2 Ne6 52. Rd5+ Kh6 53. Rd6 Nc5 54. Rd5 Nxe4+ 55. Ke1 Nxg3 56. Bd3 Ra1+ 57. Kd2 Ra3 58. Rd7 f5 59. a7 Kg5 60. Bb5 Ne4+ 61. Ke1 Nc5 62.
Rc7 Ne6 63. Re7 Nd4 64. Bc4 Nc6 65. Rc7 Nxa7 66. Rg7 Nc6 67. Bf7 Ne5 68. Be8 Kf6 69. Rg8 Ra1+ 70. Kf2 Ra2+ 71. Kg1 Ra7 72. Rf8+ Ke7 73.
Rh8 Kf6 74. Rf8+ Kg5 75. Rg8 Re7 76. Bb5 Kf4 77. Kf2 g5 78. Be2 g4 79. Rf8 Nc6 80. Bd3 Nd4 81. Rf6 Re3 0-1

[Event "*** SCC Grand Prix: Titled Tuesday Blitz"]
[Site "Chess.com"]
[Date "2020.10.06"]
[Round "3"]
[White "W_Amadeus"]
[Black "Itk04"]
[Result "0-1"]
[WhiteElo "2717"]
[BlackElo "2466"]
[TimeControl "180+1"]
[EndTime "10:29:32 PDT"]
[Termination "Itk04 won by resignation"]

1. d4 Nf6 2. Nf3 e6 3. Bf4 d5 4.
e3 c5 5. c3 Bd6 6. Nbd2 Qc7 7.
Bxd6 Qxd6 8. Ne5 O-O 9. Bd3 b6 10. h4 Ba6 11. Bxa6 Nxa6 12. h5 h6 13. g4 b5 14. a3 Nd7 15. Ndf3 Nxe5 16. Nxe5 b4 17.
axb4 cxb4 18. Qd3 Nb8 19. g5 bxc3 20. bxc3 Nd7 21. f4 Nxe5 22. fxe5 Qb6 23. gxh6 Qb2 24.
h7+ Kh8 25. O-O Rac8 26. Rfb1 Qxc3 27. Qxc3 Rxc3 28. Rxa7 Rxe3 29. Rbb7 Rf3 30. Kg2 Rf5 31. Kg3 Kxh7 32. Kg4 Kh6 33. Re7 Rg5+ 34. Kf4 Rf5+ 35. Kg4 Rf1 36. Kg3 Kxh5 37. Ra2 Kg6 38. Rg2 Rf5 39. Kg4 Rg5+ 40. Kf3 Rxg2 41. Kxg2 Kf5 42. Kf3 Kg6 43. Kg4 Rc8 44. Kf3 Rc3+ 45. Ke2 Rg3 46. Kd2 Rh3 47. Ke2 Rh4 48. Ke3 Rh5 49. Kd3 Rh3+ 50.
Kd2 Kf5 51. Rxf7+ Ke4 52. Rxg7 Kxd4 53. Rg5 Rh2+ 54. Ke1 Rh4 55. Kd2 Re4 56. Rh5 Rxe5 57. Rh6 Re4 58. Rh8 Rg4 59. Ra8 Rg2+ 60. Ke1 e5 61. Ra4+ Ke3 62. Ra3+ Ke4 63. Rb3 d4 64. Rh3 Rb2 65. Kd1 Kd5 66. Rh8 Rg2 67. Rh5 Rg3 68. Kd2 Ra3 69. Rg5 Ke4 70. Rg4+ Kf5 71. Rh4 e4 72.
Rh8 Ra2+ 73. Ke1 Rg2 74. Rf8+ Kg4 75. Rg8+ Kf3 76. Ra8 Rg1+ 77. Kd2 e3+ 78. Kc2 e2 79. Rf8+ Kg2 80. Rg8+ Kf2 81. Rf8+ Ke1 82. Re8 Rg3 83. Re7 Re3 84. Rxe3 dxe3 85. Kd3 Kf2 0-1

[Event "*** SCC Grand Prix: Titled Tuesday Blitz"]
[Site "Chess.com"]
[Date "2020.10.06"]
[Round "3"]
[White "AttackSparrow"]
[Black "vinniethepooh"]
[Result "0-1"]
[WhiteElo "2386"]
[BlackElo "2573"]
[TimeControl "180+1"]
[EndTime "10:29:37 PDT"]
[Termination "vinniethepooh won on time"]

1. e4 c5 2. c3 d5 3. exd5 Qxd5 4. d4 Nf6 5. Nf3 e6 6. Na3 Qd8 7. Nc2 Nc6 8. Be3 cxd4 9. Ncxd4 Bd7 10. Nxc6 Bxc6 11. Ne5 Bd6 12. Nxc6 bxc6 13. Bd3 Nd5 14. Bd2 Rb8 15. Qc2 Qb6 16. Rb1 h6 17. O-O O-O 18.
b4 c5 19. b5 Rbc8 20. Bc4 Rfd8 21. g3 Be5 22. Rfe1 Bf6 23. a4 Qa5 24. Rbc1 Nb6 25.
Bf1 Qxa4 26. Be3 Qxc2 27. Rxc2 Nd5 28. Bd2 c4 29. Ra1 Rc7 30. Ra4 Nb6 31. Ra6 Rd5 32. Ra5 g5 33. Bg2 Rd6 34. Bc6 Nd5 35. Ra4 Ne7 36.
Bf3 Nd5 37. Kg2 Rb6 38. Ra5 Kg7 39. Bxd5 exd5 40. Be3 Rbb7 41. Kf1 Re7 42. Ke2 h5 43.
Kd2 h4 44. Rca2 h3 45. Bc5 Re4 46. Bxa7 Rbe7 47. Be3 d4 48. cxd4 Bxd4 49. R5a3 c3+ 50. Kd3 Bxe3 51. fxe3 Rxe3+ 52. Kd4 g4 53. Rxc3 R3e5 54.
Rc5 Re1 55. Rd2 Rb1 56. Kd5 Re3 57. Kc6 Reb3 58. Rg5+ Kf6 59. Rxg4 Rxb5 60. Rf4+ Kg6 61. Rd6+ Kg7 62. Rd5 Rb6+ 63. Kc5 R6b5+ 64. Kd4 R5b2 65. Ke5 Rxh2 66. Kf5 Rb6 67. Rg4+ Rg6 68. Kf4 Rf2+ 69. Ke3 Rg2 70. Kf3 Rxg4 71. Kxg4 h2 72. Rh5 Kg6 73. Rh3 f5+ 74. Kf4 Ra2 75. Kf3 Kg5 76. Rh8 Rb2 77. Ke3 Kg4 78. Rg8+ Kh3 79. Kf4 Rf2+ 80. Ke3 Kg2 81.
Rh8 Ra2 82. Kf4 Ra3 83. g4 fxg4 84. Kxg4 h1=Q 0-1

[Event "*** SCC Grand Prix: Titled Tuesday Blitz"]
[Site "Chess.com"]
[Date "2020.10.06"]
[Round "3"]
[White "davidkalashian"]
[Black "MrChampion_Coach"]
[Result "1-0"]
[WhiteElo "2576"]
[BlackElo "2392"]
[TimeControl "180+1"]
[EndTime "10:29:42 PDT"]
[Termination "davidkalashian won by checkmate"]

1. e4 c5 2. Nc3 Nc6 3. Nf3 d6 4. Bb5 Bd7 5. O-O Nf6 6. Re1 e5 7. Nd5 Nxd5 8. exd5 Ne7 9. Bc4 b5 10. Bf1 g6 11. c3 f5 12. d4 cxd4 13. cxd4 e4 14. Ng5 Bg7 15. f3 O-O 16. fxe4 fxe4 17. Rxe4 Bf5 18. Ne6 Qb6 19. Re1 Bxe6 20. dxe6 Qxd4+ 21. Kh1 Qxd1 22. Rxd1 b4 23. Bg5 Bf6 24. Bxf6 Rxf6 25.
Rxd6 Nf5 26. Rd7 Rc8 27. Ba6 Rc6 28. Bb5 Rc5 29. Ba4 Kf8 30. Re1 Ne7 31. h3 a5 32. Kg1 Rff5 33. Rd8+ Kg7 34. Re8 Kf6 35. Rf8+ Kg7 36. Re8 Kf6 37. Bb3 Rce5 38. Rxe5 Rxe5 39. Rf8+ Kg5 40. Rf7 Nf5 41. Rxh7 Nd4 42. Ra7 Nxb3 43.
axb3 Kf6 44. Ra6 Ke7 45. Kf2 Rf5+ 46. Ke3 Re5+ 47. Kf3 Rf5+ 48. Kg3 Re5 49. Kf4 Rf5+ 50. Kg4 Re5 51. g3 Re2 52. Rxa5 Rxb2 53. Ra6 Rxb3 54. Rb6 Rc3 55. Kg5 Rc5+ 56. Kxg6 Rc4 57. g4 Re4 58. Kf5 Re3 59. Rb7+ Kd6 60. Rxb4 Ke7 61. Rb7+ Ke8 62. Rb6 Rf3+ 63. Kg5 Rxh3 64. Rb7 Rf3 65. Kg6 Re3 66. Kf5 Rf3+ 67. Ke4 Rf1 68. g5 Re1+ 69. Kf5 Rf1+ 70.
Kg6 Re1 71. e7 Re5 72. Kf6 Re6+ 73. Kf5 Rxe7 74. Rxe7+ Kxe7 75. Kg6 Ke6 76. Kh7 Kf5 77.
g6 Kg5 78. g7 Kh5 79. g8=Q Kh4 80. Qg6 Kh3 81. Qg5 Kh2 82. Qg4 Kh1 83. Kg6 Kh2 84.
Kf5 Kh1 85. Kf4 Kh2 86. Kf3 Kh1 87. Qg2# 1-0

[Event "*** SCC Grand Prix: Titled Tuesday Blitz"]
[Site "Chess.com"]
[Date "2020.10.06"]
[Round "3"]
[White "StiffMaster1"]
[Black "AlexOstrovskiy"]
[Result "0-1"]
[WhiteElo "2522"]
[BlackElo "2754"]
[TimeControl "180+1"]
[EndTime "10:29:52 PDT"]
[Termination "AlexOstrovskiy won on time"]

1. g3 d5 2. Bg2 Nf6 3. c4 e6 4. Nf3 dxc4 5. Qa4+ Bd7 6. Qxc4 c5 7. Ne5 Qc8 8. Nxd7 Qxd7 9. O-O Nc6 10. d3 Rc8 11. Nc3 Be7 12. Ne4 Nxe4 13. Bxe4 O-O 14. Bxc6 Qxc6 15.
a4 Bf6 16. Rb1 Rfd8 17. Be3 Bd4 18. Bg5 Rd5 19. Bd2 h5 20. h4 Rf5 21. a5 b5 22.
axb6 axb6 23. b4 b5 24. Qc2 c4 25. dxc4 bxc4 26. e3 Bf6 27. Bc3 Bxc3 28. Qxc3 Rd5 29. Rfc1 Qd7 30. Rc2 Rd3 31. Qa1 c3 32. b5 Qb7 33. b6 Kh7 34. Qa7 Qxa7 35. bxa7 Ra8 36. Rb7 Kg6 37. Rc7 Rd1+ 38. Kg2 Ra1 39. R2xc3 R8xa7 40.
Rxa7 Rxa7 41. Rc5 f6 42. Rc6 e5 43. e4 Ra4 44. f3 Ra2+ 45. Kh3 Rf2 46. Rc3 Kh6 47. Ra3 g5 48. hxg5+ fxg5 49. Ra6+ Kg7 50. Ra3 Kf6 51. Ra6+ Kf7 52. Ra3 Ke6 53. Ra6+ Ke7 54. Rg6 Rxf3 55. Rxg5 Kf6 56. Rxh5 Re3 57. Rh4 Kg5 58. Kg2 Re2+ 59. Kf3 Ra2 60. Rg4+ Kf6 61. Rg8 Kf7 62. Rg5 Kf6 63. Rf5+ Ke6 64. Rf8 Ra1 65.
Kg4 Ke7 66. Rf5 Ke6 67. Rf8 Rg1 68. Re8+ Kf6 69. Ra8 Re1 70. Ra6+ Ke7 71. Kf5 Rg1 72. g4 Kf7 73. Rf6+ Kg7 74. Rg6+ Kf7 75. Rg5 Ke7 76. Kxe5 Kf7 77. Rf5+ Kg6 78. g5 Re1 79. Kf4 Rf1+ 80.
Ke5 Re1 81. Kd5 Rd1+ 82. Ke6 Re1 83. e5 Ra1 84. Rf6+ Kxg5 85. Rf2 Ra7 86. Kd5 Ra5+ 87. Kd6 Ra6+ 88. Ke7 Ra7+ 89. Kf8 Ra6 0-1

[Event "*** SCC Grand Prix: Titled Tuesday Blitz"]
[Site "Chess.com"]
[Date "2020.10.06"]
[Round "3"]
[White "IMAghasiyevKamal"]
[Black "chessmachine14"]
[Result "1/2-1/2"]
[WhiteElo "2498"]
[BlackElo "2284"]
[TimeControl "180+1"]
[EndTime "10:30:41 PDT"]
[Termination "Game drawn by 50-move rule"]

1. e4 c5 2. Nf3 e6 3. d4 cxd4 4. Nxd4 Nf6 5. Nc3 d6 6. Be3 a6 7. Be2 Be7 8. g4 h6 9. Qd2 Nc6 10. Rg1 g5 11. O-O-O Rg8 12. Kb1 Qc7 13. f3 Ne5 14. h4 Nfd7 15. hxg5 hxg5 16. Rh1 Nc4 17. Bxc4 Qxc4 18. Rh5 Bf6 19. Nce2 Ne5 20. Bxg5 Bxg5 21. Rxg5 Ng6 22. Nb3 Qc7 23. Qxd6 Qxd6 24. Rxd6 Bd7 25.
Rb6 Bc6 26. Na5 Kd8 27. Nxc6+ Kc7 28. Rb3 Kxc6 29. Nd4+ Kd7 30. Rxb7+ Kd6 31. Rxf7 e5 32. Rf6+ Kd7 33. Nf5 Nf4 34. Rd6+ Kc7 35. Rxg8 Rxg8 36. b3 Rh8 37. Kb2 Rh2 38. Rxa6 Nd3+ 39. Kc3 Ne1 40. Re6 Rxc2+ 41. Kb4 Nd3+ 42. Ka3 Rc5 43. b4 Rc3+ 44. Ka4 Nb2+ 45. Kb5 Ra3 46. Re7+ Kd8 47. Rxe5 Rxa2 48. Rd5+ Ke8 49. g5 Ra3 50. Rd2 Nd3 51. Rb2 Ne5 52. Rd2 Nxf3 53. Rd5 Nxg5 54. Re5+ Kf7 55. Rc5 Nxe4 56. Nd4 Nd6+ 57. Kc6 Ra6+ 58. Kc7 Ne4 59. Re5 Nc3 60. b5 Nxb5+ 61. Rxb5 Ra1 62. Nc6 Rc1 63. Rf5+ Ke6 64. Re5+ Kf6 65. Re2 Kf5 66. Kd6 Rd1+ 67. Kc5 Rc1+ 68. Kd5 Rd1+ 69. Nd4+ Kf6 70. Rf2+ Ke7 71. Rf4 Rd2 72. Re4+ Kd7 73. Rh4 Ke7 74. Ke5 Kd7 75. Rh7+ Kc8 76. Nb5 Rd1 77. Nd6+ Kd8 78.
Ke6 Re1+ 79. Kd5 Rd1+ 80. Kc5 Rc1+ 81. Nc4 Ke8 82. Kd5 Rd1+ 83. Ke6 Kd8 84. Ne5 Kc8 85. Rg7 Re1 86. Rf7 Re2 87. Re7 Re1 88. Rh7 Re2 89. Kd6 Rd2+ 90. Kc5 Rc2+ 91. Nc4 Kd8 92. Kd6 Ke8 93.
Ne5 Kf8 94. Ke6 Re2 95. Rf7+ Kg8 96. Rc7 Re1 97. Kf6 Rf1+ 98. Kg5 Rg1+ 99. Ng4 Rg2 100.
Kf5 Kf8 101. Rc8+ Ke7 102. Rc5 Kd6 103. Re5 Kc6 104.
Re6+ Kc5 105. Ne5 Rf2+ 106. Ke4 Re2+ 107. Kd3 Rh2 108. Rf6 Kd5 109. Nf3 Rh3 110. Ke3 Kc5 111. Rf8 1/2-1/2

[Event "*** SCC Grand Prix: Titled Tuesday Blitz"]
[Site "Chess.com"]
[Date "2020.10.06"]
[Round "3"]
[White "MPGM"]
[Black "tdf98pantani"]
[Result "1/2-1/2"]
[WhiteElo "2458"]
[BlackElo "2716"]
[TimeControl "180+1"]
[EndTime "10:30:49 PDT"]
[Termination "Game drawn by repetition"]

1. Nf3 d5 2. e3 c6 3. c4 Nf6 4. Nc3 e6 5. d4 a6 6. c5 b6 7. cxb6 Qxb6 8. Na4 Qa7 9. b3 Nbd7 10. Be2 c5 11. O-O cxd4 12. exd4 Bd6 13. Bb2 O-O 14. Rc1 Ne4 15. Nd2 Bf4 16. Nxe4 Bxc1 17. Qxc1 dxe4 18.
Qf4 Nf6 19. d5 Nxd5 20. Qxe4 Bd7 21. Bf3 Bxa4 22. Qg4 f5 23. Qxa4 Rad8 24. g3 Rf7 25. Re1 Qb6 26. Qh4 Nf6 27. Qf4 h6 28. Qe5 Rd2 29.
Re2 Rxe2 30. Qxe2 Ne4 31. Kg2 Qc5 32. h4 a5 33. h5 Qd5 34. Qe3 Rd7 35. Qb6 Kh7 36.
Bc1 Qc5 37. Be3 Qxb6 38. Bxb6 Rd2 39. Bxe4 fxe4 40. Bxa5 Rxa2 41. Bb6 Rb2 42. Be3 Rxb3 43. g4 e5 44. Kg3 Kg8 45. Kh4 Kf7 46. g5 hxg5+ 47. Kxg5 Rb1 48. Kf5 Rh1 49. Kxe5 Rh4 50. Kf5 Rxh5+ 51. Kxe4 Ke6 52. Kf4 Rf5+ 53. Kg4 Kf6 54.
Bd4+ Kg6 55. Be3 Rb5 56. Kg3 Kf5 57. Kf3 g5 58. Kg3 g4 59. Kg2 Rb1 60. Ba7 Rb7 61. Bc5 Rh7 62. Bd4 Rh3 63. Bb6 Rf3 64.
Ba7 Ke4 65. Bb6 Kd3 66. Bc5 Ke2 67. Bb6 Rb3 68. Bc5 Kd3 69. Ba7 Ke4 70. Bc5 Kf4 71.
Bd6+ Kg5 72. Bc5 Rb2 73. Be7+ Kh5 74. Bc5 Rc2 75. Bd6 Re2 76. Bg3 Kg5 77. Bc7 Kh4 78.
Bg3+ Kh5 79. Bc7 Kg5 80. Bg3 Rc2 81. Bd6 Kf5 82. Bb8 Rc3 83. Ba7 Rb3 84. Bc5 g3 85.
fxg3 Kg4 86. Bd6 Rb2+ 87. Kh1 Kh3 88. Kg1 Kg4 89. Bf4 Kf3 90. Kh1 Rb7 91. Kg1 Rb1+ 92.
Kh2 Rb7 93. Kg1 Rb2 94. Kh1 Kf2 95. Kh2 Kf3+ 96. Kg1 Rg2+ 97. Kh1 Re2 98. Kg1 Rc2 99. Kh1 Rc6 100. Kg1 Rc2 101. Kh1 Rg2 102. Be5 Kf2 103. Bf4 Kf1 104. Be5 Rc2 105. Bf4 Re2 106. Bd6 Rb2 107. Bf4 Rc2 108. Bd6 Rc6 109. Bf4 Rc2 110. Bd6 Ra2 111. Bf4 Re2 112. Bd6 Re6 113. Bf4 Re2 1/2-1/2

[Event "*** SCC Grand Prix: Titled Tuesday Blitz"]
[Site "Chess.com"]
[Date "2020.10.06"]
[Round "3"]
[White "Moultino06"]
[Black "Snegokhod"]
[Result "1/2-1/2"]
[WhiteElo "2653"]
[BlackElo "2399"]
[TimeControl "180+1"]
[EndTime "10:31:22 PDT"]
[Termination "Game drawn by 50-move rule"]

1. e4 c5 2. Nf3 d6 3. Nc3 e5 4. Bc4 Nc6 5. O-O Be7 6. d3 Nf6 7. Ng5 O-O 8. f4 exf4 9. Bxf4 h6 10. Nf3 Be6 11. e5 dxe5 12. Bxe6 exf4 13. Bc4 Na5 14. Nd2 Nxc4 15. Nxc4 Bd6 16. Qf3 Rb8 17. Nb5 Bc7 18. Nxc7 Qxc7 19. Qxf4 Qxf4 20. Rxf4 Rfe8 21. Raf1 b6 22. Nd6 Re6 23. Nf5 Nd5 24. Rg4 Ne3 25.
Nxe3 Rxe3 26. h4 Rbe8 27. a4 Re2 28. Rf2 Re1+ 29. Rf1 R8e2 30. Rc4 f6 31. a5 Kf7 32. axb6 axb6 33. b4 cxb4 34. Rxb4 Rxf1+ 35. Kxf1 Rxc2 36. Rxb6 Rd2 37. Rd6 Ke7 38. Rd4 f5 39. h5 Kf6 40.
Rd7 Kg5 41. Rxg7+ Kxh5 42. Rg3 f4 43. Ke1 Ra2 44. Rg8 Kh4 45. Kf1 h5 46. Kg1 Rd2 47.
Rd8 Kg4 48. Rg8+ Kf5 49. Rf8+ Ke5 50. Rh8 Rxd3 51. Rxh5+ Ke4 52. Rh8 Rd1+ 53. Kh2 Rd2 54. Kh3 Rd3+ 55. Kh2 Rd2 56. Rf8 Ke5 57. Kh3 Rd3+ 58.
Kh2 Rd2 59. Rf7 Rd3 60. Kg1 Rd2 61. Kf1 Ra2 62. Rf8 Ke4 63. Kg1 Ke3 64. Kh2 Ke4 65. Kh3 Ra3+ 66. Kh2 Ra2 67. Re8+ Kf5 68. Rb8 f3 69. Rf8+ Kg4 70. Rxf3 Kg5 71. Rb3 Kg4 72. Rb4+ Kg5 73. Rb5+ Kg6 74. Kh3 Ra3+ 75. Kh4 Ra4+ 76. g4 Ra1 77. Rb6+ Kg7 78. Kh5 Ra5+ 79. g5 Ra1 80.
Rb7+ Kg8 81. Kh6 Ra6+ 82. g6 Ra8 83. Rc7 Rb8 84. Rd7 Ra8 85. Rb7 Rc8 86. Rg7+ Kh8 87.
Rh7+ Kg8 88. Rg7+ Kh8 89. Ra7 Kg8 90. Ra1 Rb8 91. Rc1 Ra8 92. Rg1 Rb8 93. Re1 Ra8 94. Rd1 Rb8 95. Rc1 Ra8 96. Re1 Rb8 97. Rg1 Ra8 98. Rb1 Rc8 99. Rb2 Rd8 100. Ra2 Rc8 101. Rd2 Rb8 102. Re2 Rc8 103. Rf2 Rb8 104. Rf3 Rc8 105. Rb3 Rd8 106. Ra3 Rc8 107. Rb3 Rd8 108. Rb4 Rc8 109.
Ra4 Rd8 110. Rc4 Re8 111. Rd4 Rb8 112. Rg4 Ra8 113. Rg5 Rb8 114. Rh5 Ra8 115. Rg5 Rb8 116. Ra5 Rc8 117. Ra6 Rd8 118. Ra7 Rc8 119. Rf7 Rb8 120. Rf5 Rc8 121. Rf6 Rb8 122. Rd6 Rc8 123. Rb6 Rd8 124. Ra6 Rc8 125. Ra3 Rd8 126. Rb3 Rc8 127. Re3 Rd8 128. Re5 Rc8 129. Kg5 Rd8 130. Kf6 Rc8 131. Re6 Rb8 132. Rc6 1/2-1/2